 Dungeon Crawl Stone Soup version 0.25-a0-1133-g93ebf739aa (webtiles) character file.

Game seed: 8680740614480889209, levelgen mode: deterministic

812 P0NYSLAYSTATION the Cudgeler (level 7, 0/61 HPs)
             Began as a Minotaur Monk on May 17, 2020.
             Slain by a big kobold zombie (3 damage)
             ... in an ossuary on May 21, 2020.
             The game lasted 00:18:11 (2580 turns).

P0NYSLAYSTATION the Cudgeler (Minotaur Monk)        Turns: 2580, Time: 00:18:12

Health: 0/61       AC:  6    Str: 18    XL:     7   Next: 61%
Magic:  5/5        EV: 13    Int: 13    God:
Gold:   106        SH:  0    Dex: 12    Spells: 6/6 levels left

rFire    . . .     SeeInvis .   a - +0 mace
rCold    . . .     Gourm    .   (no shield)
rNeg     . . .     Faith    .   o - +0 ring mail
rPois    +         Spirit   .   (helmet restricted)
rElec    .         Reflect  .   (no cloak)
rCorr    .         Harm     .   (no gloves)
MR       .....                  n - +0 pair of boots
Stlth    +.........             m - amulet of magic regeneration
HPRegen  0.20/turn              f - +6 ring of intelligence
MPRegen  0.34/turn              (no ring)

@: marked
A: retaliatory headbutt, horns 2, deterioration 1, low mp 1, poison resistance
a: no special abilities


You were in an ossuary.
You were not hungry.

You visited 1 branch of the dungeon, and saw 6 of its levels.
You also visited: Ossuary.

You collected 106 gold pieces.

Inventory:

Hand Weapons
 a - a +0 mace (weapon)
 p - the cursed +0 dagger "Boal" {holy, +Blink MR+ Str+2 Dex+3, unknown}
   (You found it on level 4 of the Dungeon)

   It has been blessed by the Shining One to cause great damage to the undead
   and demons.
   It affects your strength (+2).
   It affects your dexterity (+3).
   It affects your resistance to hostile enchantments.
   It lets you blink.
   It has a curse placed upon it.
 s - a +0 flail of protection
Armour
 b - a +0 robe
 e - a cursed +0 chain mail
 n - a +0 pair of boots (worn)
 o - a +0 ring mail (worn)
Jewellery
 f - a +6 ring of intelligence (left hand)
 m - an amulet of magic regeneration (around neck)
 q - an uncursed amulet of inaccuracy
Scrolls
 h - a scroll of identify
 l - 2 scrolls of teleportation
Potions
 d - 2 potions of heal wounds
 g - a potion of ambrosia {unknown}
Comestibles
 c - 5 rations


   Skills:
 + Level 5.5 Fighting
 + Level 7.7 Maces & Flails
 + Level 2.7 Armour
 + Level 5.4 Dodging
 + Level 2.6 Stealth


You had 6 spell levels left.
You didn't know any spells.
Your spell library was empty.

Dungeon Overview and Level Annotations

Branches:
Dungeon (6/15)            Ossuary (1/1)
 Temple: D:4-7

Altars:
Ashenzari
Hepliaklqana
Sif Muna

Annotations:
D:5 Grinder


Innate Abilities, Weirdness & Mutations

You reflexively headbutt those who attack you in melee.
You have a pair of horns on your head.
Your body sometimes deteriorates upon taking damage.
Your magical capacity is low. (-10% MP)
Your system is resistant to poisons. (rPois)


Message History

The mark upon you grows brighter.
The big kobold zombie fails to trigger a net trap.
The big kobold zombie fails to trigger a net trap.
You see here a potion of heal wounds.
d - a potion of heal wounds You see here a viscous dark potion.
g - a viscous dark potion You see here a potion of heal wounds.
d - 2 potions of heal wounds (gained 1)
You see here a scroll of identify.
h - a scroll of identify The big kobold zombie enters a dispersal trap!
The big kobold zombie blinks! x2; The mummy blinks! x2; You blink.
The big kobold zombie blinks!
The mummy hits you.
* * * LOW HITPOINT WARNING * * *
The big kobold zombie hits you.
* * * LOW HITPOINT WARNING * * *
The big kobold zombie barely misses you.
The big kobold zombie hits you.
You die...

#####################
##??!!##.#.#.#.#.#.#.#######
##............^.^............
##.........Z.....^............
#∩.........M.@.....^......∩.∩.
##.........MZ...........M.....
##...(.^..........^..........
##....##.#.#.#.#.#.#.#######
#####################


You could see 2 mummies and 2 big kobold zombies.

Vanquished Creatures
  2 ogres
  3 scorpions
  A bullfrog zombie (D:3)
  4 centaur zombies (Ossuary)
  A crimson imp (D:4)
  A jelly (D:5)
  A centaur skeleton (D:4)
  An iguana (D:4)
  3 worker ants (D:4)
  2 hound skeletons
  3 mummies
  A gnoll (D:5)
  4 adders
  An ooze (D:1)
  2 leopard geckos
  A giant cockroach (D:4)
  A goblin (D:1)
  7 hobgoblins
  A jackal (D:4)
  A quokka (D:5)
  A ball python (D:3)
  6 bats
  7 frilled lizards
  A goblin zombie (D:6)
  3 hobgoblin zombies (Ossuary)
  2 kobolds
  A quokka skeleton (D:5)
  2 rats (D:1)
64 creatures vanquished.

Notes
Turn   | Place    | Note
-------+----------+-------------------------------------------
     0 | D:1      | P0NYSLAYSTATION the Minotaur Monk began the quest for the
                  | Orb.
     0 | D:1      | Reached XP level 1. HP: 19/19 MP: 0/0
    92 | D:1      | Reached XP level 2. HP: 27/27 MP: 1/1
   232 | D:1      | Reached skill level 4 in Maces & Flails
   325 | D:2      | Found a shattered altar of Ashenzari.
   327 | D:2      | Noticed a scorpion
   744 | D:4      | Reached XP level 3. HP: 30/33 MP: 2/2
   953 | D:4      | Reached XP level 4. HP: 33/41 MP: 3/3
   959 | D:4      | Noticed an ogre
  1061 | D:3      | Reached skill level 5 in Maces & Flails
  1195 | D:4      | Found a shimmering blue altar of Sif Muna.
  1204 | D:4      | Reached XP level 5. HP: 47/47 MP: 4/4
  1239 | D:5      | Entered Level 5 of the Dungeon
  1260 | D:4      | Upgraded the game from 0.25-a0-1118-g1a081956a1 to
                  | 0.25-a0-1133-g93ebf739aa
  1284 | D:4      | Killed an ogre
  1284 | D:4      | Reached skill level 6 in Maces & Flails
  1284 | D:4      | Reached XP level 6. HP: 34/55 MP: 5/5
  1591 | D:5      | Reached skill level 5 in Fighting
  1616 | D:5      | Noticed Grinder
  2019 | D:4      | Reached skill level 5 in Dodging
  2031 | D:4      | Reached skill level 7 in Maces & Flails
  2074 | D:4      | Got a crystal dagger
  2117 | D:4      | Found a hazy altar of Hepliaklqana.
  2138 | D:5      | Reached XP level 7. HP: 61/61 MP: 6/6
  2213 | D:5      | Reached skill level 1 in Armour
  2405 | D:6      | Found a sand-covered staircase.
  2412 | Ossuary  | Entered an ossuary
  2476 | Ossuary  | Gained mutation: Your magical capacity is low. (-10% MP)
                  | [potion of mutation]
  2476 | Ossuary  | Gained mutation: Your body sometimes deteriorates upon
                  | taking damage. [potion of mutation]
  2476 | Ossuary  | Gained mutation: Your system is resistant to poisons.
                  | (rPois) [potion of mutation]
  2547 | Ossuary  | HP: 2/61 [mummy (10)]
  2577 | Ossuary  | HP: 3/61 [big kobold zombie (1)]
  2580 | Ossuary  | Slain by a big kobold zombie

Illustrated notes

Levels and vault maps discovered:
D:1:      kennysheep_arrival_seaside, layout_basic, st_stairs_8,
          roderic_lattice_a, grunt_decor_one_mirror, serial_bayou_lagoon_a,
          minmay_pentomino_q2
D:2:      layout_loops_corners, minmay_misc_feat_rows,
          nicolae_ashenzari_panopticon
D:3:      layout_rooms, kennysheep_generic_room_2, uniq_crazy_yiuf_cottage
D:4:      layout_loops_ring, lemuel_doored_altar, lemuel_crystal_altar,
          first_ration, chequers_avenue
D:5:      layout_cave_pools, overflow_temple_1_default,
          minmay_fractal_squares_5, uniq_grinder
D:6:      layout_loops_cross, zin_academy, nicolae_ossuary_entry_giza,
          minmay_guarded_unrand_staff_of_olgreb
Ossuary:  ossuary_the_hunt_dpeg

Skill      XL: |  1  2  3  4  5  6  7 |
---------------+----------------------+-----
Fighting       | 4 5 |  5.5
Maces & Flails | 4 5 6 7 |  7.7
Dodging        | 4 5 |  5.4
Stealth        | 2 |  2.6
Armour         | 2 |  2.7

Action                   |  1- 3 |  4- 6 |  7- 9 || total
-------------------------+-------+-------+-------++-------
Melee: Mace              |    75 |    77 |    56 ||   208
       Headbutt          |     7 |    19 |    12 ||    38
  Use: Scroll            |       |     2 |     3 ||     5
       Potion            |       |       |     6 ||     6
 Stab: Sleeping          |     2 |     2 |       ||     4
  Eat: Chunk             |       |     3 |       ||     3
       Ration            |       |     1 |       ||     1
Armor: Robe              |    11 |     8 |       ||    19
       Ring mail         |       |     6 |    34 ||    40
Dodge: Dodged            |    40 |    57 |    64 ||   161

Table legend:
 A = Non-vault XP
 B = Vault XP
 C = Vault XP percentage of total XP
 D = Non-vault monster count
 E = Vault monster count
 F = Vault count percentage of total count
                 A         B        C        D         E       F
            +---------+---------+-------+---------+---------+-------
      Total |     902 |     259 |  22.3 |      51 |      13 |  20.3
            +---------+---------+-------+---------+---------+-------
        D:1 |      30 |       0 |   0.0 |      16 |       0 |   0.0
        D:2 |       5 |       0 |   0.0 |       4 |       0 |   0.0
        D:3 |      88 |       0 |   0.0 |      10 |       0 |   0.0
        D:4 |     532 |       2 |   0.4 |      14 |       1 |   6.7
        D:5 |     247 |      15 |   5.7 |       7 |       1 |  12.5
        D:6 |       0 |      19 | 100.0 |       0 |       2 | 100.0
    Ossuary |       0 |     223 | 100.0 |       0 |       9 | 100.0
            +---------+---------+-------+---------+---------+-------
